 Dungeon Crawl Stone Soup version 0.27.1-3-gb3d3a73c9e (webtiles) character file.

Game seed: 11344440075909783226

311 BOMJPIETVODKU the Chopper (level 6, -3/53 HPs)
             Began as a Hill Orc Fighter on Oct 28, 2021.
             Slain by a sky beast (5 damage)
             ... on level 5 of the Dungeon.
             The game lasted 00:05:58 (2693 turns).

BOMJPIETVODKU the Chopper (Hill Orc Fighter)        Turns: 2693, Time: 00:05:58

Health: -3/53      AC:  8    Str: 27    XL:     6   Next: 42%
Magic:  6/6        EV:  8    Int:  8    God:
Gold:   117        SH: 10    Dex: 10    Spells: 5/5 levels left

rFire    . . .     SeeInvis .   a - +0 war axe
rCold    + . .     Faith    .   c - +0 kite shield
rNeg     . . .     Spirit   .   b - +0 scale mail
rPois    .         Reflect  .   l - +0 helmet
rElec    .         Harm     .   (no cloak)
rCorr    .         Rampage  .   (no gloves)
Will     .....                  (no boots)
Stlth    ..........             (no amulet)
HPRegen  0.17/turn              m - +6 ring of strength
MPRegen  0.10/turn              i - ring of protection from cold

@: mighty
A: no striking features
a: no special abilities


You were on level 5 of the Dungeon.
You visited 1 branch of the dungeon, and saw 4 of its levels.

You collected 117 gold pieces.

Inventory:

Hand Weapons
 a - a +0 war axe (weapon)
Missiles
 n - 8 poisoned darts (quivered)
Armour
 b - a +0 scale mail (worn)
 c - a +0 kite shield (worn)
 h - a +0 ring mail of cold resistance
 l - a +0 helmet (worn)
Jewellery
 i - a ring of protection from cold (right hand)
 m - a +6 ring of strength (left hand)
Scrolls
 f - 2 scrolls of teleportation
Potions
 e - 2 potions of haste
 j - a potion of curing
 k - a potion of attraction {unknown}


   Skills:
 + Level 4.4 Fighting
 * Level 6.7 Axes
 + Level 4.2 Armour
 + Level 0.6 Dodging
 + Level 4.1 Shields


You had 5 spell levels left.
You didn't know any spells.
Your spell library was empty.

Dungeon Overview and Level Annotations

Branches:
Dungeon (3/15)

Altars:
Makhleb
Uskayaw


Message History

The sky beast hits you. The sky beast shocks you.
You slash the sky beast!
The sky beast is severely wounded.
You block the sky beast's attack. The sky beast closely misses you.
You closely miss the sky beast.
The sky beast is severely wounded.
You slash the white imp! The white imp gestures at you.
The puff of frost misses you.
The sky beast flickers out of sight!
Deactivating autopickup; reactivate with Ctrl-A.
Something hits you but does no damage.
The white imp hits you but does no damage.
You miss something. You barely miss the white imp.
You block something's attack. The white imp closely misses you.
You miss something. You closely miss the white imp. Something hits you.
Something shocks you.
* * * LOW HITPOINT WARNING * * *
You block the white imp's attack. Something hits you.
* * * LOW HITPOINT WARNING * * *
Something shocks you.
* * * LOW HITPOINT WARNING * * *
You feel better. The white imp gestures at you.
The puff of frost hits you but does no damage.
Something hits you.
* * * LOW HITPOINT WARNING * * *
Something shocks you.
* * * LOW HITPOINT WARNING * * *
You feel very mighty all of a sudden. The white imp hits you.
* * * LOW HITPOINT WARNING * * *
The white imp freezes you. You resist.
* * * LOW HITPOINT WARNING * * *
Something hits you but does no damage.
You miss something. You hit the white imp.
You kill the white imp!
Something hits you.
* * * LOW HITPOINT WARNING * * *
Something shocks you.
You die...

........##.###
.............
#..........##
#...........#
#...........#
#.........$.#
#####.......#
#...{...#
#...@...#
#.......#
#.......#
#.......#
#.......#
#.......#
#...[...#
#........
#########.


There were no monsters in sight!

Vanquished Creatures
  Sigmund (D:3)
  A hound (D:5)
  An orc wizard (D:2)
  Robin (D:1)
  An adder (D:2)
  A white imp (D:5)
  An ufetubus (D:5)
  A worm (D:2)
  2 dart slugs
  5 orcs
  4 bats
  An endoplasm (D:2)
  3 giant cockroaches
  12 goblins
  7 hobgoblins
  5 kobolds
  9 ball pythons
  3 frilled lizards
  A rat (D:1)
60 creatures vanquished.

Vanquished Creatures (others)
  4 fungi (D:2)
  3 plants (D:2)
7 creatures vanquished.

Grand Total: 67 creatures vanquished

Notes
Turn   | Place    | Note
-------+----------+-------------------------------------------
     0 | D:1      | BOMJPIETVODKU the Hill Orc Fighter began the quest for the
                  | Orb.
     0 | D:1      | Reached XP level 1. HP: 19/19 MP: 1/1
     2 | D:1      | Noticed a demigod
     2 | D:1      | Noticed a barachi
     4 | D:1      | Noticed a ghoul
     4 | D:1      | Noticed a vine stalker
     6 | D:1      | Noticed a troll
     6 | D:1      | Noticed a minotaur
     8 | D:1      | Noticed a tengu
    10 | D:1      | Noticed a gargoyle
    10 | D:1      | Noticed a djinni
    12 | D:1      | Noticed an elf
    12 | D:1      | Noticed an octopode
    14 | D:1      | Noticed a dwarf
    14 | D:1      | Noticed a demonspawn
    16 | D:1      | Noticed a spriggan
    16 | D:1      | Noticed a human
    18 | D:1      | Noticed a felid
    28 | D:1      | Noticed a draconian
    28 | D:1      | Noticed a formicid
    30 | D:1      | Noticed a palentonga
    30 | D:1      | Noticed a merfolk
    32 | D:1      | Noticed an ogre
    32 | D:1      | Noticed a naga
    34 | D:1      | Noticed a vampire
   303 | D:1      | Reached skill level 3 in Axes
   304 | D:1      | Reached XP level 2. HP: 26/27 MP: 2/2
   830 | D:2      | Reached XP level 3. HP: 21/33 MP: 3/3
   837 | D:2      | Reached skill level 4 in Axes
  1092 | D:2      | Noticed Robin
  1246 | D:1      | Reached XP level 4. HP: 24/40 MP: 4/4
  1393 | D:1      | Killed Robin
  1617 | D:2      | Found a faded altar of an unknown god.
  2327 | D:3      | Reached skill level 5 in Axes
  2486 | D:3      | Noticed Sigmund
  2490 | D:3      | Found a burning altar of Makhleb.
  2498 | D:3      | Killed Sigmund
  2499 | D:3      | Reached skill level 6 in Axes
  2499 | D:3      | Reached XP level 5. HP: 43/47 MP: 5/5
  2499 | D:3      | Reached XP level 6. HP: 49/53 MP: 6/6
  2500 | D:3      | Noticed a green death
  2632 | D:3      | Found a hide-covered altar of Uskayaw.
  2664 | D:3      | You fall into a shaft and drop 2 floors!
  2664 | D:5      | Entered Level 5 of the Dungeon
  2671 | D:5      | Noticed a sky beast
  2693 | D:5      | HP: 2/53 [something (2)]
  2693 | D:5      | Slain by a sky beast

Illustrated notes

Levels and vault maps discovered:
D:1:      kb_arrival_jail, layout_basic
D:2:      layout_loops_cross, dreamdust_ecumenical_altar_grove, uniq_robin
D:3:      layout_rooms, makhleb_altar_promises_db,
          eat_drink_and_be_merry_uskayaw, minmay_randomly_rotated_circles,
          uniq_sigmund
D:5:      layout_basic, nicolae_overflow_crystal_walls, serial_shops,
          nicolae_shop_overgrown_old_shop, hangedman_abyss_or_decor_passed

Skill      XL: |  1  2  3  4 |
---------------+-------------+-----
Axes           | 3 4 6 |  6.7
Fighting       | 4 |  4.4
Armour         | 4 |  4.2
Shields        | 4 |  4.1
Dodging        | |  0.6

Action                   |  1- 3 |  4- 6 || total
-------------------------+-------+-------++-------
Melee: War axe           |    82 |   108 ||   190
  Use: Scroll            |       |     5 ||     5
       Potion            |       |     3 ||     3
Armor: Scale mail        |    59 |    47 ||   106
Dodge: Dodged            |    34 |    35 ||    69
Block: Kite shield       |    49 |    48 ||    97
